3AAA
WARWICK HUNCHBACKS @ SYLVANIA MAPLE LEAVES
09/10/2018
 
TOP OF THE 1ST
Warwick Hunchbacks batting - Pitching for Sylvania Maple Leaves : RHP Francisco Chávez
Pitching: RHP Francisco Chávez
Batting: RHB Mike O'Brien 0-0: Called Strike
0-1: SINGLE (Line Drive, 56)
Batting: RHB Jim Browning 0-0: Ball
1-0: Ball
2-0: Called Strike
2-1: Called Strike
2-2: Ball
3-2: Foul Ball, location: 2F
3-2: Foul Ball, location: 2F
3-2: Base on Balls
Mike O'Brien to second
Batting: LHB David Hubbard 0-0: Called Strike
0-1: Called Strike
0-2: Strikes out swinging
Batting: RHB Steve Brewer 0-0: Fly out, F7 (Line Drive, 7D)
Runner from 2nd tags up, SAFE at 3rd, no throw
Batting: RHB Jesús Castro 0-0: Called Strike
0-1: Ball
1-1: Swinging Strike
1-2: Ball
2-2: Foul Ball, location: 2F
2-2: Foul Ball, location: 2F
2-2: Foul Ball, location: 2F
2-2: Foul Ball, location: 2F
2-2: Fly out, F9 (Flyball, 9M)
Top of the 1st over - 0 run(s), 1 hit(s), 0 error(s), 2 left on base; Warwick 0 - Sylvania 0
BOTTOM OF THE 1ST
Sylvania Maple Leaves batting - Pitching for Warwick Hunchbacks : RHP Dexter Charles
Pitching: RHP Dexter Charles
Batting: RHB Kenny Norton 0-0: Called Strike
0-1: Ball
1-1: Called Strike
1-2: Foul Ball, location: 2F
1-2: Ball
2-2: Fly out, F9 (Flyball, 89M)
Batting: RHB Bernardo Márquez 0-0: Called Strike
0-1: SINGLE (Line Drive, 56D)
Batting: RHB Mike Neal 0-0: Called Strike
0-1: Ball
1-1: Ball
2-1: SINGLE (Flyball, 8LS)
Bernardo Márquez to second
Batting: LHB Iván Gonzáles 0-0: Ball
1-0: Ball
2-0: Ground out 2-3 (Groundball, 23)
Bernardo Márquez to third
Mike Neal to second
Batting: RHB Nick McKnight 0-0: SINGLE (Flyball, 9S)
Bernardo Márquez scores
Mike Neal to third
Runner from 3rd tries for Home, SAFE, no throw or cutoff
Batting: LHB Carl Pierce 0-0: Ball
1-0: Foul Ball, location: 2F
1-1: Swinging Strike
1-2: Ball
2-2: Foul Ball, location: 2F
2-2: Ground out 1-3 (Groundball, 15)
Bottom of the 1st over - 2 run(s), 3 hit(s), 0 error(s), 1 left on base; Warwick 0 - Sylvania 2
TOP OF THE 2ND
Warwick Hunchbacks batting - Pitching for Sylvania Maple Leaves : RHP Francisco Chávez
Batting: RHB José Reyes 0-0: Called Strike
0-1: Ball
1-1: Ball
2-1: Fly out, F7 (Line Drive, 7M)
Batting: LHB Ted Cracknell 0-0: Ball
1-0: Foul Ball, location: 2F
1-1: Swinging Strike
1-2: Ball
2-2: Ball
3-2: Base on Balls
Batting: RHB Julián Rocha 0-0: Foul Ball, location: 2F
0-1: Fielders Choice at 2nd, 6-4 (Groundball, 6)
Batting: RHB Octávio Castaneda 0-0: Ball
1-0: 2-RUN HOME RUN (Flyball, 7D), Distance : 391 ft
Batting: RHB Mike O'Brien 0-0: Ball
1-0: Called Strike
1-1: Ground out 4-3 (Groundball, 4M)
Top of the 2nd over - 2 run(s), 1 hit(s), 0 error(s), 0 left on base; Warwick 2 - Sylvania 2
BOTTOM OF THE 2ND
Sylvania Maple Leaves batting - Pitching for Warwick Hunchbacks : RHP Dexter Charles
Batting: RHB Yao-qing Ya 0-0: Foul Ball, location: 2F
0-1: Ball
1-1: Ball
2-1: Swinging Strike
2-2: Strikes out looking
Batting: RHB José Valdéz 0-0: Foul Ball, location: 2F
0-1: Called Strike
0-2: Fly out, F8 (Flyball, 8RM)
Batting: SHB Curt Bryant 0-0: Called Strike
0-1: Called Strike
0-2: Ground out 4-3 (Groundball, 4)
Bottom of the 2nd over - 0 run(s), 0 hit(s), 0 error(s), 0 left on base; Warwick 2 - Sylvania 2
TOP OF THE 3RD
Warwick Hunchbacks batting - Pitching for Sylvania Maple Leaves : RHP Francisco Chávez
Batting: RHB Jim Browning 0-0: Ball
1-0: Ball
2-0: Swinging Strike
2-1: Foul Ball, location: 2F
2-2: Ball
3-2: Ground out 4-3 (Groundball, 4)
Batting: LHB David Hubbard 0-0: Ball
1-0: Called Strike
1-1: Swinging Strike
1-2: Ground out 4-3 (Groundball, 4)
Batting: RHB Steve Brewer 0-0: Ball
1-0: Called Strike
1-1: Swinging Strike
1-2: Ball
2-2: Strikes out swinging
Top of the 3rd over - 0 run(s), 0 hit(s), 0 error(s), 0 left on base; Warwick 2 - Sylvania 2
BOTTOM OF THE 3RD
Sylvania Maple Leaves batting - Pitching for Warwick Hunchbacks : RHP Dexter Charles
Batting: RHB Kenny Norton 0-0: Called Strike
0-1: Called Strike
0-2: Ball
1-2: Ground out 6-3 (Groundball, 6)
Batting: RHB Bernardo Márquez 0-0: Ground out 6-3 (Groundball, 6)
Batting: RHB Mike Neal 0-0: Swinging Strike
0-1: Called Strike
0-2: Ball
1-2: SINGLE (Line Drive, 4M)
Batting: LHB Iván Gonzáles 0-0: Fly out, F7 (Flyball, 78M)
Bottom of the 3rd over - 0 run(s), 1 hit(s), 0 error(s), 1 left on base; Warwick 2 - Sylvania 2
TOP OF THE 4TH
Warwick Hunchbacks batting - Pitching for Sylvania Maple Leaves : RHP Francisco Chávez
Batting: RHB Jesús Castro 0-0: Called Strike
0-1: Called Strike
0-2: Ball
1-2: Ball
2-2: Foul Ball, location: 2F
2-2: Ball
3-2: Fly out, F6 (Popup, 6D)
Batting: RHB José Reyes 0-0: Called Strike
0-1: Foul Ball, location: 2F
0-2: Fly out, F8 (Popup, 8LS)
Batting: LHB Ted Cracknell 0-0: Called Strike
0-1: Ball
1-1: Foul Ball, location: 2F
1-2: Ball
2-2: Fly out, F1 (Line Drive, 13S)
Top of the 4th over - 0 run(s), 0 hit(s), 0 error(s), 0 left on base; Warwick 2 - Sylvania 2
BOTTOM OF THE 4TH
Sylvania Maple Leaves batting - Pitching for Warwick Hunchbacks : RHP Dexter Charles
Batting: RHB Nick McKnight 0-0: Ball
1-0: Ball
2-0: Foul Ball, location: 2F
2-1: Ball
3-1: Base on Balls
Batting: LHB Carl Pierce 0-0: Foul Ball, location: 2F
0-1: Ball
1-1: Foul Ball, location: 2F
1-2: 2-RUN HOME RUN (Flyball, 9D), Distance : 402 ft
Batting: RHB Yao-qing Ya 0-0: Ball
1-0: Called Strike
1-1: Called Strike
1-2: Foul Ball, location: 2F
1-2: Fly out, F8 (Line Drive, 8RS)
Batting: RHB José Valdéz 0-0: Called Strike
0-1: Ball
1-1: Fly out, F8 (Flyball, 8RM)
Batting: SHB Curt Bryant 0-0: Called Strike
0-1: Ball
1-1: Foul Ball, location: 2F
1-2: Strikes out looking
Bottom of the 4th over - 2 run(s), 1 hit(s), 0 error(s), 0 left on base; Warwick 2 - Sylvania 4
TOP OF THE 5TH
Warwick Hunchbacks batting - Pitching for Sylvania Maple Leaves : RHP Francisco Chávez
Batting: RHB Julián Rocha 0-0: Called Strike
0-1: Foul Ball, location: 2F
0-2: Ground out 5-3 (Groundball, 56S)
Batting: RHB Octávio Castaneda 0-0: Foul Ball, location: 2F
0-1: Called Strike
0-2: Ball
1-2: SINGLE (Groundball, 56D)
Batting: RHB Mike O'Brien 0-0: Called Strike
0-1: Ball
1-1: Ball
2-1: Ball
3-1: 2-RUN HOME RUN (Flyball, 7D), Distance : 376 ft
Batting: RHB Jim Browning 0-0: Swinging Strike
0-1: Swinging Strike
0-2: Ball
1-2: Strikes out swinging
Batting: LHB David Hubbard 0-0: Called Strike
0-1: Ball
1-1: TRIPLE (Flyball, 8RD)
Batting: RHB Steve Brewer 0-0: Ball
1-0: Called Strike
1-1: DOUBLE (Flyball, 7LM)
David Hubbard scores
Pitching: LHP Han Sawallisch
Batting: RHB Jesús Castro 0-0: Ball
1-0: Called Strike
1-1: Ball
2-1: Swinging Strike
2-2: Strikes out looking
Top of the 5th over - 3 run(s), 4 hit(s), 0 error(s), 1 left on base; Warwick 5 - Sylvania 4
BOTTOM OF THE 5TH
Sylvania Maple Leaves batting - Pitching for Warwick Hunchbacks : RHP Dexter Charles
Batting: RHB Kenny Norton 0-0: Called Strike
0-1: Ground out 4-3 (Groundball, 4)
Batting: RHB Bernardo Márquez 0-0: Ball
1-0: Called Strike
1-1: Swinging Strike
1-2: Ball
2-2: Ball
3-2: Base on Balls
Batting: RHB Mike Neal 0-0: Fielders Choice at 2nd, 5-4 (Groundball, 56)
Batting: LHB Iván Gonzáles 0-0: Called Strike
0-1: Fly out, F9 (Flyball, 9S)
Bottom of the 5th over - 0 run(s), 0 hit(s), 0 error(s), 1 left on base; Warwick 5 - Sylvania 4
TOP OF THE 6TH
Warwick Hunchbacks batting - Pitching for Sylvania Maple Leaves : LHP Han Sawallisch
Batting: RHB José Reyes 0-0: Ball
1-0: Foul Ball, location: 2F
1-1: Ball
2-1: Ball
3-1: Called Strike
3-2: Base on Balls
Batting: LHB Ted Cracknell 0-0: Ball
1-0: Bunted foul
1-1: Ball
2-1: Bunted foul
2-2: Foul Ball, location: 2F
2-2: Ground out U3 (Groundball, 3)
José Reyes to second
Batting: RHB Julián Rocha 0-0: Ball
1-0: Foul Ball, location: 2F
1-1: Foul Ball, location: 2F
1-2: Foul Ball, location: 2F
1-2: Strikes out swinging
Batting: RHB Octávio Castaneda 0-0: Foul Ball, location: 2F
0-1: Ball
1-1: Ball
2-1: Called Strike
2-2: Ground out 6-3 (Groundball, 6)
Top of the 6th over - 0 run(s), 0 hit(s), 0 error(s), 1 left on base; Warwick 5 - Sylvania 4
BOTTOM OF THE 6TH
Sylvania Maple Leaves batting - Pitching for Warwick Hunchbacks : RHP Dexter Charles
Batting: RHB Nick McKnight 0-0: Swinging Strike
0-1: Swinging Strike
0-2: Ball
1-2: Ground out 4-3 (Groundball, 34)
Batting: LHB Carl Pierce 0-0: Fly out, F6 (Popup, 6MD)
Batting: RHB Yao-qing Ya 0-0: Called Strike
0-1: Foul Ball, location: 2F
0-2: Ball
1-2: SINGLE (Line Drive, 7LS)
Batting: RHB José Valdéz 0-0: Foul Ball, location: 2F
0-1: Foul Ball, location: 2F
0-2: Ball
Wild Pitch!
Yao-qing Ya to second
1-2: Ball
2-2: Ball
3-2: Fly out, F8 (Flyball, 8LD)
Bottom of the 6th over - 0 run(s), 1 hit(s), 0 error(s), 1 left on base; Warwick 5 - Sylvania 4
TOP OF THE 7TH
Warwick Hunchbacks batting - Pitching for Sylvania Maple Leaves : LHP Han Sawallisch
Batting: RHB Mike O'Brien 0-0: Called Strike
0-1: Foul Ball, location: 2F
0-2: Strikes out swinging
Batting: RHB Jim Browning 0-0: Ball
1-0: Ball
2-0: Called Strike
2-1: SINGLE (Groundball, 6MD)
Pinch Hitting: RHB Juan Sánchez 0-0: Ball
1-0: Called Strike
1-1: Ball
2-1: Foul Ball, location: 2F
2-2: Foul Ball, location: 2F
2-2: 2-RUN HOME RUN (Flyball, 7D), Distance : 380 ft
Pitching: RHP Paul Nance
Batting: RHB Steve Brewer 0-0: Ground out 4-3 (Groundball, 4)
Batting: RHB Jesús Castro 0-0: Ball
1-0: Ball
2-0: Ball
3-0: Base on Balls
Batting: RHB José Reyes 0-0: Ball
1-0: Ground out 1-3 (Groundball, 23)
Top of the 7th over - 2 run(s), 2 hit(s), 0 error(s), 1 left on base; Warwick 7 - Sylvania 4
BOTTOM OF THE 7TH
Sylvania Maple Leaves batting - Pitching for Warwick Hunchbacks : RHP Dexter Charles
Now at 1B: Juan Sánchez
Batting: SHB Curt Bryant 0-0: Ball
1-0: Ball
2-0: Foul Ball, location: 2F
2-1: Fly out, F7 (Flyball, 78M)
Batting: RHB Kenny Norton 0-0: Swinging Strike
0-1: Swinging Strike
0-2: Foul Ball, location: 2F
0-2: Ball
1-2: Ground out 4-3 (Groundball, 4)
Batting: RHB Bernardo Márquez 0-0: Called Strike
0-1: Swinging Strike
0-2: Foul Ball, location: 2F
0-2: Foul Ball, location: 2F
0-2: Ball
1-2: Ball
2-2: Ball
3-2: Fly out, F5 (Line Drive, 5)
Bottom of the 7th over - 0 run(s), 0 hit(s), 0 error(s), 0 left on base; Warwick 7 - Sylvania 4
TOP OF THE 8TH
Warwick Hunchbacks batting - Pitching for Sylvania Maple Leaves : RHP Paul Nance
Batting: LHB Ted Cracknell 0-0: Swinging Strike
0-1: Ball
1-1: Ball
2-1: Ground out 1-3 (Groundball, 15S)
Batting: RHB Julián Rocha 0-0: Ball
1-0: Ground out 6-3 (Groundball, 56)
Batting: RHB Octávio Castaneda 0-0: Ball
1-0: Foul Ball, location: 2F
1-1: Foul Ball, location: 2F
1-2: Strikes out swinging
Top of the 8th over - 0 run(s), 0 hit(s), 0 error(s), 0 left on base; Warwick 7 - Sylvania 4
BOTTOM OF THE 8TH
Sylvania Maple Leaves batting - Pitching for Warwick Hunchbacks : RHP Dexter Charles
Now at C: Edwin McClung
Batting: RHB Mike Neal 0-0: Ball
1-0: Called Strike
1-1: Ground out 6-3 (Groundball, 6M)
Batting: LHB Iván Gonzáles 0-0: Ball
1-0: SOLO HOME RUN (Flyball, 78XD), Distance : 423 ft
Pitching: LHP Rocky Russell
Batting: RHB Nick McKnight 0-0: Ball
1-0: Ball
2-0: Called Strike
2-1: Foul Ball, location: 2F
2-2: Strikes out swinging
Batting: LHB Carl Pierce 0-0: Foul Ball, location: 2F
0-1: Called Strike
0-2: Ball
1-2: Ball
2-2: Strikes out swinging
Bottom of the 8th over - 1 run(s), 1 hit(s), 0 error(s), 0 left on base; Warwick 7 - Sylvania 5
TOP OF THE 9TH
Warwick Hunchbacks batting - Pitching for Sylvania Maple Leaves : RHP Paul Nance
Pitching: LHP Hildebrand Claessens
Batting: RHB Mike O'Brien 0-0: Ball
1-0: Ball
2-0: Fly out, F4 (Popup, 34)
Batting: RHB Jim Browning 0-0: Called Strike
0-1: Called Strike
0-2: Ball
1-2: Strikes out looking
Batting: RHB Juan Sánchez 0-0: Called Strike
0-1: Ground out 6-3 (Groundball, 6M)
Top of the 9th over - 0 run(s), 0 hit(s), 0 error(s), 0 left on base; Warwick 7 - Sylvania 5
BOTTOM OF THE 9TH
Sylvania Maple Leaves batting - Pitching for Warwick Hunchbacks : LHP Rocky Russell
Pitching: RHP Joshua Barnes
Batting: RHB Yao-qing Ya 0-0: Ball
1-0: Ground out 4-3 (Groundball, 4)
Batting: RHB José Valdéz 0-0: Ball
1-0: Foul Ball, location: 2F
1-1: Foul Ball, location: 2F
1-2: Foul Ball, location: 2F
1-2: Strikes out swinging
Batting: SHB Curt Bryant 0-0: Ball
1-0: Swinging Strike
1-1: Ball
2-1: SINGLE (Groundball, 34D)
Pinch Hitting: RHB Bartolo García 0-0: Foul Ball, location: 2F
0-1: Foul Ball, location: 2F
0-2: Ball
1-2: Ball
2-2: Strikes out swinging
Bottom of the 9th over - 0 run(s), 1 hit(s), 0 error(s), 1 left on base; Warwick 7 - Sylvania 5
This league is powered by Out of the Park Baseball, the baseball management simulation game for PC, Mac and Linux
Monday, May 4th, 2015 - OOTP Baseball 15.6 Build 34